 Dungeon Crawl Stone Soup version 0.29.1-13-g9f3cf754e1 (webtiles) character file.

Game seed: 4284559533090796861

228 Vulpanium the Chopper (level 5, -2/46 HPs)
             Began as a Draconian Chaos Knight on Jan 21, 2023.
             Was a Plaything of Xom.
             Slain by a black bear (3 damage)
             ... on level 6 of the Dungeon.
             The game lasted 00:14:09 (3722 turns).

Vulpanium the Chopper (Draconian Chaos Knight)      Turns: 3722, Time: 00:14:12

Health: -2/46      AC:  7    Str: 16    XL:     5   Next: 70%
Magic:  5/5        EV: 10    Int: 13    God:    Xom [..*...]
Gold:   246        SH:  6    Dex: 10    Spells: 4/4 levels left

rFire   + . .      SeeInvis +   a - +1 hand axe (venom)
rCold   . . .      Faith    .   q - +0 kite shield
rNeg    . . .      Spirit   .   (body armour unavailable)
rPois   .          Reflect  .   (helmet restricted)
rElec   .          Harm     .   k - +0 cloak
rCorr   .          Rampage  .   j - +0 pair of gloves
Will    .....                   (no boots)
Stlth   +.........              (no amulet)
HPRegen 0.15/turn               m - ring of see invisible
MPRegen 0.09/turn               (no ring)

@: brilliant
A: AC +5, unfitting armour, cold-blooded, fire resistance 1, high MP 1,
screaming 1
a: Renounce Religion


You were on level 6 of the Dungeon.
You worshipped Xom.
You were a toy of Xom.
You visited 1 branch of the dungeon, and saw 6 of its levels.

You collected 246 gold pieces.

Inventory:

Hand Weapons
 a - a +1 hand axe of venom (weapon)
Armour
 j - a +0 pair of gloves (worn)
 k - a +0 cloak (worn)
 q - a +0 kite shield (worn)
Magical Staves
 e - a staff of cold
Jewellery
 h - a ring of wizardry
 m - a ring of see invisible (left hand)
Scrolls
 c - a scroll of enchant armour
 f - 2 scrolls of identify
Potions
 d - 3 potions of resistance
 g - a potion of heal wounds
 i - a potion of lignification
 n - a potion of brilliance {unknown}
 p - 2 potions of magic
 s - a potion of attraction
Miscellaneous
 b - a piece from Xom's chessboard (13/15) (quivered)


   Skills:
 + Level 4.2 Fighting
 + Level 5.0 Axes
 + Level 3.3 Dodging
 - Level 0.8 Stealth
 * Level 0.6 Shields


You had 4 spell levels left.
You didn't know any spells.
Your spell library contained the following spells:

 Spells                   Type           Power      Damage    Failure   Level
 Apportation              Tloc           0%         N/A       73%         1
 Necrotise                Necr           0%         1d4       73%         1
 Shock                    Conj/Air       0%         1d3       73%         1
 Summon Small Mammal      Summ           0%         N/A       73%         1
 Blink                    Tloc           0%         N/A       86%         2
 Poisonous Vapours        Pois/Air       0%         N/A       86%         2
 Call Canine Familiar     Summ           0%         N/A       97%         3
 Lesser Beckoning         Tloc           0%         N/A       97%         3
 Portal Projectile        Hex/Tloc       0%         N/A       97%         3
 Swiftness                Air            0%         N/A       97%         3
 Airstrike                Air            0%         2d(0-16)  100%        4
 Corpse Rot               Necr/Pois/Air  0%         N/A       100%        4
 Leda's Liquefaction      Hex/Erth       0%         N/A       100%        4
 Manifold Assault         Tloc           0%         N/A       100%        5


Dungeon Overview and Level Annotations

Branches:
Dungeon (6/15)
 Temple: D:4-7

Altars:
Ru

Annotations:
D:5 Duvessa


Innate Abilities, Weirdness & Mutations

Your plain brown scales are hard. (AC +5)
You cannot fit into any form of body armour.
You are cold-blooded and may be slowed by cold attacks.
Your flesh is heat resistant. (rF+)
You have an increased reservoir of magic. (+10% MP)
You occasionally shout uncontrollably at your foes.


Message History

"Go forth and destroy!"
You feel clever all of a sudden. The black bear barely misses you.
The black bear claws you but does no damage. x2
The necrophage hits you.
You closely miss the black bear. You hit the necrophage.
The necrophage barely misses you. The black bear bites you.
* * * LOW HITPOINT WARNING * * *
The black bear barely misses you. The black bear closely misses you.
You hit the black bear.
The black bear is poisoned.
The black bear is lightly wounded.
You hit the necrophage but do no damage.
The necrophage completely misses you. The black bear bites you.
* * * LOW HITPOINT WARNING * * *
The black bear claws you.
* * * LOW HITPOINT WARNING * * *
You block the black bear's attack.
You make a move on Xom's chessboard...
The black bear seems to speed up.
The black bear bites you.
* * * LOW HITPOINT WARNING * * *
The black bear claws you but does no damage.
You block the black bear's attack. You block the necrophage's attack.
The black bear bites you.
* * * LOW HITPOINT WARNING * * *
The black bear barely misses you.
The black bear claws you but does no damage.
The necrophage attacks as you move away!
The necrophage closely misses you.
The black bear bites you but does no damage.
The black bear barely misses you. You block the black bear's attack.
Xom's attention almost turns to you for a moment.
Your staff of cold briefly vibrates.
The black bear attacks as you move away!
The black bear bites you.
* * * LOW HITPOINT WARNING * * *
The black bear claws you.
* * * LOW HITPOINT WARNING * * *
The black bear barely misses you. x2; The black bear claws you.
You die...
Xom roars with laughter!

#.......###
#..........
#........#
#.......# ##
#.......# ..###.#
#.......##......##
#.n?..............
#@h.............#
#######..####...##
#.###..h....
##.###.......
#...##<...!..
###.......#..
#.....#$...
#..........
....#####...


You could see a black bear (fast, very poisoned) and a necrophage.

Vanquished Creatures
  Dowan (D:5)
  2 iguanas (D:4)
  4 adders
  3 worms
  2 dart slugs
  2 orcs
  4 ball pythons
  5 bats
  8 endoplasms
  3 giant cockroaches
  5 goblins
  6 hobgoblins
  5 jackals
  9 kobolds
  4 quokkas
  A frilled lizard (D:1)
  8 rats
72 creatures vanquished.

Notes
Turn   | Place    | Note
-------+----------+-------------------------------------------
     0 | D:1      | Vulpanium the Draconian Chaos Knight began the quest for
                  | the Orb.
     0 | D:1      | Reached XP level 1. HP: 19/19 MP: 1/1
    96 | D:1      | XOM: silly message
   179 | D:1      | Found a faded altar of an unknown god.
   239 | D:1      | Reached XP level 2. HP: 23/26 MP: 2/2
   611 | D:1      | XOM: god gift: orange potion {god gift}
   828 | D:2      | XOM: god gift: 51 gold pieces
   839 | D:2      | XOM: divination: magic mapping
   983 | D:2      | Reached XP level 3. HP: 32/33 MP: 3/3
   997 | D:2      | XOM: cloud trail
  1532 | D:2      | Reached skill level 4 in Axes
  1589 | D:2      | XOM: noise
  1826 | D:2      | Gained mutation: You have an increased reservoir of magic.
                  | (+10% MP) [potion of mutation]
  1826 | D:2      | Gained mutation: Your flesh is heat resistant. (rF+)
                  | [potion of mutation]
  1826 | D:2      | Gained mutation: You occasionally shout uncontrollably at
                  | your foes. [potion of mutation]
  1835 | D:3      | XOM: noise
  2219 | D:3      | Reached XP level 4. HP: 40/40 MP: 4/4
  2253 | D:3      | XOM: 4-stop teleportation journey
  2911 | D:4      | Reached XP level 5. HP: 40/46 MP: 5/5
  3033 | D:4      | Found a sacrificial altar of Ru.
  3534 | D:4      | XOM: silly message
  3555 | D:4      | XOM: silly message
  3572 | D:5      | Entered Level 5 of the Dungeon
  3672 | D:5      | Noticed Dowan
  3681 | D:5      | Killed Dowan
  3681 | D:5      | Noticed Duvessa
  3682 | D:5      | Reached skill level 5 in Axes
  3686 | D:5      | XOM: butterfly on damage
  3687 | D:5      | HP: 1/46 [Duvessa/+0 short sword (10)]
  3700 | D:6      | Noticed a black bear
  3715 | D:6      | XOM: potion effect (brilliance)
  3721 | D:6      | XOM: silly message
  3722 | D:6      | HP: 1/46 [black bear (3)]
  3722 | D:6      | Slain by a black bear

Illustrated notes

Levels and vault maps discovered:
D:1:      spicycebolla_arrival_clurvy, layout_loops_ring, basic_ecumenical_altar
D:2:      layout_rooms, hangedman_decor_slide_cut
D:3:      layout_loops_corners
D:4:      layout_cave_pools, nicolae_ru_sacrificial_ziggurat
D:5:      layout_loops_ring, ebering_ghost_gozag, serial_shops,
          kennysheep_mini_moat, kennysheep_windowed_goal, uniq_pikel,
          uniq_duvessa
D:6:      layout_rooms, vehumet_altar_wand_db, dk_vineyard_3

Skill      XL: |  1  2  3  4  5 |
---------------+----------------+-----
Axes           | 4 5 |  5.0
Fighting       | 4 |  4.2
Dodging        | 3 |  3.3
Stealth        | |  0.8
Shields        | |  0.6

Action                   |  1- 3 |  4- 6 || total
-------------------------+-------+-------++-------
Melee: Hand axe          |   136 |    86 ||   222
       Tailslap          |     9 |     9 ||    18
       Punch             |     2 |     2 ||     4
Evoke: Piece from Xom's  |       |     2 ||     2
  Use: Scroll            |     5 |     3 ||     8
       Potion            |     6 |     4 ||    10
Armor: Skin              |    63 |    22 ||    85
Dodge: Dodged            |   101 |    58 ||   159
Block: Kite shield       |       |     5 ||     5
